Map: Bel'Shir Vestige LE (Void)

Players

PtitDrogo

  • Race: Protoss Protoss
  • Spawn Location: 11:00

iAsonu - Winner!

  • Race: Zerg Zerg
  • Spawn Location: 5:00

Event: WCS Austin 2017

VOD

Have the link to the VOD?

Description

Time

  • Played on: April 28, 2017, 8:12 p.m.
  • Length: 14:39

All games in this series

Show
View Real Time Build Order
Export as new Build Order

PtitDrogo Protoss 

Build Orders: 1 Gate Expand, Zealot Archon, Dark Templar Rush 

Get SALT Encoding   

  12  0:01  Probe (Chrono Boost)  
  13  0:11  Probe (Chrono Boost)  
  14  0:20  Pylon  
  14  0:22  Probe (Chrono Boost)  
  15  0:38  Probe (Chrono Boost)  
  15  0:41  Gateway  
  16  0:48  Probe (Chrono Boost)  
  17  0:50  Assimilator  
  17  0:59  Probe (Chrono Boost)  
  18  1:09  Probe (Chrono Boost)  
  19  1:20  Nexus  
  19  1:23  Probe (Chrono Boost)  
  20  1:32  Cybernetics Core  
  20  1:35  Probe (Chrono Boost)  
  21  1:42  Assimilator  
  21  1:46  Probe (Chrono Boost)  
  22  1:52  Pylon  
  22  1:57  Probe (Chrono Boost)  
  23  2:06  Adept  
  23  2:09  Warp Gate  
  23  2:12  Probe (Chrono Boost)  
  27  2:24  Probe (Chrono Boost)  
  27  2:27  Twilight Council  
  27  2:30  Stalker  
  27  2:32  Probe (Chrono Boost)  
  27  2:36  Probe (Chrono Boost)  
  31  2:43  Probe (Chrono Boost)  
  32  2:48  Probe (Chrono Boost)  
  33  2:52  Robotics Facility  
  33  2:53  Probe (Chrono Boost)  
  34  3:00  Probe (Chrono Boost)  
  34  3:04  Probe (Chrono Boost)  
  36  3:11  Probe (Chrono Boost)  
  37  3:14  Probe (Chrono Boost)  
  38  3:20  Dark Shrine  
  38  3:22  Probe (Chrono Boost)  
  38  3:25  Probe (Chrono Boost)  
  40  3:28  Gateway  
  40  3:31  Pylon  
  41  3:34  Probe (Chrono Boost)  
  41  3:36  Warp Prism  
  41  3:39  Mothership Core (Chrono Boost)  
  45  3:46  Probe (Chrono Boost)  
  45  3:47  Assimilator  
  46  3:49  Assimilator  
  46  3:56  Pylon  
  46  3:57  Probe (Chrono Boost)  
  46  3:58  Probe (Chrono Boost)  
  48  4:05  Gateway  
  48  4:06  Gateway  
  48  4:07  Probe (Chrono Boost)  
  50  4:10  Probe (Chrono Boost)  
  50  4:18  Probe (Chrono Boost)  
  50  4:21  Probe (Chrono Boost)  
  52  4:28  Probe (Chrono Boost)  
  53  4:32  Probe (Chrono Boost)  
  53  4:35  Dark Templar x2  
  53  4:37  Pylon  
  58  4:39  Probe (Chrono Boost)  
  58  4:42  Probe (Chrono Boost)  
  60  4:50  Probe (Chrono Boost), Immortal  
  61  4:54  Probe (Chrono Boost)  
  61  4:56  Nexus  
  61  4:59  Pylon  
  66  5:01  Pylon  
  66  5:03  Probe (Chrono Boost)  
  67  5:21  Archon, Dark Templar x2  
  69  5:24  Immortal  
  69  5:25  Archon  
  69  5:26  Forge  
  69  5:27  Probe (Chrono Boost)  
  69  5:28  Probe (Chrono Boost)  
  77  5:37  Probe (Chrono Boost)  
  77  5:42  Sentry x2  
  82  5:44  Pylon  
  82  5:45  Probe (Chrono Boost)  
  82  5:48  Probe (Chrono Boost)  
  84  5:50  Pylon  
  84  5:53  Pylon  
  85  5:57  Probe (Chrono Boost)  
  85  5:58  Probe (Chrono Boost)  
  85  6:02  Immortal  
  86  6:05  Protoss Ground Weapons Level 1  
  86  6:08  Probe (Chrono Boost)  
  86  6:09  Probe (Chrono Boost)  
  86  6:10  Probe (Chrono Boost)  
  93  6:11  Sentry x2  
  93  6:12  Zealot x2  
  93  6:13  Charge  
  93  6:16  Photon Cannon  
  101  6:21  Probe (Chrono Boost)  
  102  6:30  Assimilator, Probe x2 (Chrono Boost)  
  102  6:31  Assimilator  
  102  6:32  Gateway  
  104  6:35  Gateway  
  104  6:39  Observer  
  104  6:40  Gateway  
  104  6:41  Gateway  
  105  6:53  Probe x2 (Chrono Boost)  
  108  6:55  Probe (Chrono Boost)  
  108  6:57  Templar Archives  
  108  7:00  Pylon  
  108  7:01  Zealot x3  
  108  7:03  Immortal, Pylon  
  108  7:05  Probe (Chrono Boost)  
  119  7:17  Dark Templar  
  121  7:29  Pylon  
  121  7:37  Immortal  
  121  7:40  Zealot x6  
  137  7:46  Photon Cannon  
  127  8:12  Immortal  
  127  8:13  Protoss Ground Weapons Level 2  
  131  8:25  Zealot x8  
  148  8:28  Probe (Chrono Boost)  
  148  8:29  Psionic Storm  
  144  8:38  Nexus  
  144  8:40  Pylon  
  136  8:47  High Templar x4, Gateway  
  136  8:48  High Templar x2, Gateway  
  146  8:53  Immortal  
  148  8:59  Pylon  
  148  9:00  Photon Cannon  
  148  9:02  Pylon x2  
  152  9:13  Zealot  
  152  9:14  Zealot  
  142  9:20  Archon  
  142  9:21  Archon x2  
  142  9:23  Zealot x3  
  142  9:24  Zealot x3  
  119  9:35  Dark Templar x2  
  115  9:42  Probe (Chrono Boost)  
  110  9:50  High Templar x3  
  110  9:51  High Templar  
  106  9:54  Immortal, Probe (Chrono Boost)  
  106  9:55  Probe (Chrono Boost)  
  106  9:56  Assimilator  
  112  10:01  Assimilator  
  112  10:03  Zealot x4  
  120  10:08  Zealot x2  
  120  10:09  Mothership Core (Chrono Boost)  
  120  10:12  Photon Cannon  
  126  10:14  Photon Cannon  
  124  10:24  Zealot x7  
  138  10:34  Zealot x2  
  138  10:35  Zealot  
  102  10:44  Archon  
  102  10:46  Zealot x5  
  108  10:50  Cybernetics Core  
  108  10:51  Protoss Ground Weapons Level 3, Gateway  
  108  10:53  Gateway  
  108  10:55  Photon Cannon  
  108  10:56  Gateway, Photon Cannon  
  100  11:02  Dark Templar x2  
  100  11:03  Dark Templar  
  104  11:07  Immortal  
  104  11:16  Pylon  
  104  11:18  Pylon x2  
  108  11:24  High Templar  
  108  11:25  High Templar x4  
  118  11:30  Archon x3  
  118  11:31  Archon  
  112  11:35  Zealot x3  
  113  11:47  Probe (Chrono Boost)  
  108  11:50  Probe x2 (Chrono Boost)  
  108  11:51  Probe (Chrono Boost)  
  108  11:52  Zealot x2  
  108  11:53  High Templar  
  115  12:01  High Templar x3, Immortal  
  119  12:10  High Templar x2  
  119  12:11  Zealot x3  
  119  12:15  Archon  
  128  12:21  Pylon x2  
  127  12:24  Photon Cannon  
  127  12:29  Zealot x2  
  131  12:35  Dark Templar  
  125  12:38  Zealot  
  121  12:47  Probe x2 (Chrono Boost)  
  121  12:50  High Templar x2, Probe (Chrono Boost)  
  126  12:54  Archon  
  125  12:59  High Templar  
  118  13:25  Zealot x2  
  118  13:26  Zealot x3  
  105  13:40  Archon  
  65  13:53  Probe (Chrono Boost)  
  48  13:58  High Templar x3  
  48  13:59  High Templar x3  
  56  14:02  Archon x2  
  56  14:03  Archon  
  51  14:18  Dark Templar  
  51  14:21  High Templar x2, Zealot x2  
  61  14:27  Archon  
  57  14:31  Zealot  
  57  14:32  Zealot x2  
Show
View Real Time Build Order
Export as new Build Order

iAsonu Zerg - Winner!

Build Orders: Hatch First, Swarm Host 

Get SALT Encoding   

  12  0:00  Drone  
  13  0:12  Overlord  
  13  0:17  Drone  
  14  0:31  Drone x2  
  16  0:49  Hatchery  
  15  0:51  Drone  
  15  0:54  Drone  
  17  0:58  Drone  
  18  1:08  Extractor  
  17  1:12  Spawning Pool  
  17  1:16  Drone  
  17  1:19  Drone  
  18  1:28  Drone  
  19  1:40  Drone  
  20  1:48  Hatchery  
  20  1:49  Drone  
  20  2:00  Zergling x2  
  21  2:02  Queen  
  21  2:08  Drone  
  24  2:11  Drone  
  25  2:22  Queen  
  27  2:24  Overlord  
  27  2:35  Drone  
  28  2:43  Zergling x4  
  30  2:45  Drone x2  
  30  2:47  Drone  
  33  2:56  Queen  
  35  2:59  Drone  
  36  3:06  Drone x2  
  36  3:08  Drone x2  
  40  3:13  Queen  
  40  3:17  Overlord  
  41  3:23  Lair  
  41  3:31  Roach Warren  
  40  3:36  Drone x3  
  40  3:37  Drone x3  
  40  3:38  Drone  
  48  3:41  Drone  
  48  3:43  Extractor x2  
  48  3:44  Drone  
  48  3:45  Drone  
  48  3:49  Drone  
  48  3:52  Overlord  
  48  3:55  Overlord  
  49  3:58  Overlord  
  49  4:11  Drone x2  
  49  4:12  Roach x3  
  49  4:14  Roach  
  49  4:15  Roach  
  61  4:20  Roach x2  
  65  4:24  Overseer  
  65  4:26  Drone  
  65  4:27  Drone x2, Glial Reconstitution  
  68  4:32  Overseer  
  68  4:34  Roach  
  68  4:35  Drone  
  68  4:36  Drone  
  72  4:41  Overlord  
  72  4:48  Drone  
  72  4:49  Overlord  
  73  4:53  Overlord  
  73  4:55  Overseer  
  73  5:01  Overlord x2  
  73  5:03  Evolution Chamber  
  73  5:05  Overlord  
  72  5:09  Drone x5  
  72  5:11  Drone x2  
  80  5:14  Drone  
  80  5:17  Roach x2  
  84  5:23  Extractor  
  84  5:24  Overlord  
  84  5:26  Roach x2  
  87  5:31  Zerg Missile Weapons Level 1  
  87  5:34  Drone x4  
  91  5:37  Extractor  
  91  5:42  Extractor  
  89  5:45  Drone x3  
  89  5:49  Overlord  
  92  6:00  Roach  
  92  6:01  Roach x3  
  92  6:02  Overlord  
  92  6:04  Drone x6  
  99  6:08  Infestation Pit  
  103  6:15  Drone x2  
  105  6:20  Overlord  
  105  6:22  Roach x3  
  111  6:27  Pneumatized Carapace  
  111  6:28  Hatchery  
  110  6:38  Drone x2  
  110  6:39  Overlord  
  112  6:41  Drone  
  112  6:42  Hydralisk Den  
  112  6:49  Swarm Host x7  
  133  6:58  Metabolic Boost  
  133  7:02  Ravager  
  134  7:11  Overlord, Spore Crawler  
  132  7:17  Muscular Augments, Hydralisk x6  
  144  7:26  Zerg Missile Weapons Level 2  
  144  7:33  Hydralisk  
  144  7:34  Hydralisk x2  
  150  7:38  Overlord  
  150  7:42  Hydralisk x2  
  154  7:45  Drone x7  
  155  8:03  Hydralisk x6  
  155  8:11  Hydralisk x4  
  146  8:23  Hydralisk x3  
  149  8:28  Zergling x2  
  149  8:29  Zergling x16  
  156  8:38  Hydralisk  
  156  8:39  Hydralisk x4  
  154  8:47  Hydralisk x3  
  157  8:55  Hydralisk  
  157  8:56  Hydralisk  
  161  9:03  Hydralisk  
  161  9:04  Zergling x2, Hydralisk x2  
  161  9:05  Zergling x10  
  168  9:18  Hydralisk  
  168  9:19  Hydralisk x3  
  165  9:26  Hydralisk x3  
  153  9:31  Roach  
  153  9:32  Roach x2  
  153  9:36  Roach  
  153  9:37  Roach x2  
  135  9:46  Drone x4  
  135  9:48  Hydralisk x3  
  137  9:59  Spore Crawler  
  136  10:01  Roach, Zergling x14, Spine Crawler  
  136  10:02  Zergling x2, Spine Crawler  
  144  10:08  Hydralisk x2  
  144  10:09  Hydralisk x2  
  152  10:16  Roach x4  
  158  10:28  Hydralisk  
  158  10:29  Hydralisk x2  
  143  10:36  Zergling x2  
  143  10:37  Zergling x20  
  143  10:42  Hydralisk x2  
  136  10:43  Hydralisk  
  138  10:51  Hydralisk  
  138  10:52  Hydralisk x2  
  137  10:57  Zergling x8  
  137  11:00  Hydralisk  
  137  11:01  Hydralisk  
  136  11:09  Queen  
  130  11:13  Roach x4  
  130  11:14  Roach x2  
  130  11:17  Extractor  
  141  11:18  Hydralisk  
  141  11:25  Zerg Melee Weapons Level 1  
  143  11:29  Overseer x2  
  142  11:33  Hydralisk  
  142  11:38  Zergling x12  
  144  11:53  Hydralisk  
  144  11:54  Hydralisk x5  
  139  11:57  Hydralisk  
  139  11:58  Zergling x2, Hydralisk  
  139  11:59  Zergling x8  
  157  12:07  Zergling x6  
  157  12:08  Baneling Nest  
  158  12:15  Hydralisk  
  158  12:22  Overlord  
  155  12:35  Hydralisk x3  
  159  12:40  Overlord x3  
  152  12:46  Hydralisk x7  
  151  12:52  Hydralisk  
  151  12:53  Hydralisk x4  
  151  12:58  Zergling x12  
  165  13:04  Roach x2  
  171  13:09  Roach x2  
  167  13:13  Hydralisk  
  167  13:14  Hydralisk  
  171  13:23  Zergling x6  
  169  13:31  Hydralisk x3  
  165  13:40  Hydralisk x6  
  147  13:45  Zergling x6  
  132  13:51  Roach  
  132  13:52  Roach x3  
  132  13:54  Hydralisk  
  131  14:09  Hydralisk x4  
  130  14:28  Hatchery  
Tags
 
Add a new tag
Caveats
  • Supply blocks, unpowered buildings, or Contaminate may cause inaccurate times.
  • Supply counts are checked every 10 seconds.